 Seeded DCSS version 0.28.0-62-gf88900778d (webtiles) character file.

Game seed: 13591998346360536447 (custom seed)

91 Psyclone the Conjurer (level 4, 0/24 HPs)
             Began as a Deep Elf Conjurer on Oct 17, 2023.
             Slain by Natasha (8 damage)
             ... on level 2 of the Dungeon.
             The game lasted 00:02:48 (2338 turns).

Psyclone the Conjurer (Deep Elf Conjurer)           Turns: 2338, Time: 00:02:48

Health: 0/24       AC:  2    Str:  4    XL:     4   Next: 34%
Magic:  5/10       EV: 12    Int: 25    God:
Gold:   32         SH:  0    Dex: 13    Spells: 6/9 levels left

rFire   . . .      SeeInvis .   b - +0 dagger
rCold   . . .      Faith    .   (no shield)
rNeg    . . .      Spirit   .   a - +0 robe
rPois   .          Reflect  .   (no helmet)
rElec   .          Harm     .   (no cloak)
rCorr   .          Rampage  .   (no gloves)
Will    .....                   (no boots)
Stlth   ++........              (no amulet)
HPRegen 0.08/turn               (no ring)
MPRegen 0.12/turn               (no ring)

@: no status effects
A: no striking features
a: no special abilities


You were on level 2 of the Dungeon.
You visited 1 branch of the dungeon, and saw 2 of its levels.

You collected 32 gold pieces.

Inventory:

Hand Weapons
 b - a +0 dagger (weapon)
Armour
 a - a +0 robe (worn)
Scrolls
 d - a scroll of teleportation {unknown}
Potions
 c - a potion of haste {unknown}


   Skills:
 - Level 2.4 Dodging
 - Level 2.4 Stealth
 - Level 3.0 Spellcasting
 + Level 6.4 Conjurations


You had 6 spell levels left.
You knew the following spells:

 Your Spells              Type           Power      Damage    Failure   Level
a - Magic Dart            Conj           100%       1d8       1%          1
b - Searing Ray           Conj           72%        2d7       1%          2

Your spell library contained the following spells:

 Spells                   Type           Power      Damage    Failure   Level
 Static Discharge         Conj/Air       19%        N/A       4%          2
 Dazzling Flash           Conj/Hex       38%        N/A       9%          3
 Fulminant Prism          Conj/Hex       9%         3d7       26%         4
 Iskenderun's Mystic Bla  Conj/Tloc      19%        2d6       26%         4
 Sticky Flame             Conj/Fire      19%        2d4       26%         4
 Dispel Undead            Necr           3%         3d7       69%         4


Dungeon Overview and Level Annotations

Branches:
Dungeon (2/15)

Altars:

Annotations:
D:2 Natasha


Message History

What are your orders? t - Shout!
Orders for allies: a - Attack new target. r - Retreat! s - Stop attacking. g - Guard the area. f - Follow me.
Anything else - Cancel.
You shout for attention!
Natasha, Servant of Life and Death comes into view.
She is carrying a wand of flame (19).
What are your orders? t - Shout!
Orders for allies: a - Attack new target. r - Retreat! s - Stop attacking. g - Guard the area. f - Follow me.
Anything else - Cancel.
You shout for attention!
Natasha hisses angrily.
Natasha mumbles some strange words.
Natasha glows brightly for a moment.
Natasha zaps a wand.
The puff of flame hits you!
You take 8 damage, and have 16/24 hp.
MASSIVE DAMAGE!!
Casting: Magic Dart (safe; 1% risk of failure)
Confirm with . or Enter, or press ? or * to list all spells.
Aiming: Searing Ray (safe; 1% risk of failure)
Press: ? - help, Shift-Dir - straight line, f - Natasha
Aim: Natasha, carrying a wand of flame (18) (76% to hit)
The searing ray hits Natasha.
Natasha is moderately wounded. (Press . to maintain the ray.) Natasha stares at you and mumbles some strange words.
The magic dart hits you!
You take 8 damage, and have 8/24 hp.
MASSIVE DAMAGE!!
You now have 8/10 mp.
The searing ray hits Natasha!
Natasha is almost dead.
You now have 7/10 mp.
The searing ray hits Natasha.
Natasha is almost dead.
You now have 6/10 mp.
The searing ray misses Natasha.
You finish channelling your searing ray.
Natasha claws you!
You die...

###.###########.###.####.##
...............## ##.##.#.##
###.#....?#####.###..#.###.##
#.#.###.## ##.#.#..##
##.##### #........# ##.##.##
##..... #...#.#..# #.##..##
##.##.#. ###).....$.#
#.##.#.###.###.#.
.....##>##.######.##.##.#.##
#.#.
###.###.##.....h@..#$###.##
#.#. ###.#
#.##..####......########.#.
.##.#
#.............<..........##
....#
####..####.)....########.##
.##.######..########.## #..#
#..............# #.# #...
#.#.######..##.# #.# ##.#
#.#.######.###.# #.# #.#
#.#........# #.# ###.# #.#


You could see Natasha.

Vanquished Creatures
  Natasha (D:2)
  An adder (D:2)
  A worm (D:2)
  4 dart slugs
  2 bats
  4 endoplasms
  A giant cockroach (D:2)
  6 hobgoblins
  5 jackals
  7 kobolds
  A quokka (D:2)
  2 ball pythons
  A frilled lizard (D:2)
  2 goblins
  7 rats
45 creatures vanquished.

Notes
Turn   | Place    | Note
-------+----------+-------------------------------------------
     0 | D:1      | Psyclone the Deep Elf Conjurer began the quest for the Orb.
     0 | D:1      | Reached XP level 1. HP: 10/10 MP: 6/6
    87 | D:1      | Reached XP level 2. HP: 15/15 MP: 2/8
   160 | D:1      | Reached skill level 5 in Conjurations
   525 | D:1      | Learned a level 2 spell: Searing Ray
   642 | D:1      | Reached XP level 3. HP: 19/19 MP: 6/9
  1468 | D:2      | Found a faded altar of an unknown god.
  1471 | D:2      | Reached skill level 6 in Conjurations
  1507 | D:2      | Noticed Natasha
  1512 | D:2      | Killed Natasha
  1513 | D:2      | Reached XP level 4. HP: 2/24 MP: 4/10
  2332 | D:2      | Noticed Natasha
  2338 | D:2      | Slain by Natasha

Illustrated notes

Levels and vault maps discovered:
D:1:      wander_arrival_fairy_ring, layout_basic, chequers_serial_rivers_room_a
D:2:      layout_loops_ring, shapermc_ecumenical_altar_venn, uniq_natasha

Skill      XL: |  1  2  3 |
---------------+----------+-----
Conjurations   | 5 6 |  6.4
Dodging        | |  2.4
Stealth        | |  2.4
Spellcasting   | |  3.0

Action                   |  1- 3 |  4- 6 || total
-------------------------+-------+-------++-------
 Cast: Magic Dart        |    75 |    13 ||    88
       Searing Ray       |       |     1 ||     1
Armor: Robe              |     2 |       ||     2
